 Dungeon Crawl Stone Soup version 0.27-a0-1287-gca74d27db6 (webtiles) character file.

Game seed: 17322594039773449971

139552 porpoise the Thaumaturge (level 16, -9/87 HPs)
             Began as a Deep Elf Conjurer on June 14, 2021.
             Was a High Priest of Sif Muna.
             Mangled by a harpy (13 damage)
             ... on level 3 of the Shoals.
             The game lasted 04:00:01 (48211 turns).

porpoise the Thaumaturge (Deep Elf Conjurer)       Turns: 48211, Time: 04:00:03

Health: -9/87      AC: 13    Str:  7    XL:     16   Next: 73%
Magic:  36/36      EV: 21    Int: 34    God:    Sif Muna [*****.]
Gold:   2843       SH:  8    Dex: 19    Spells: 4/43 levels left

rFire    + . .     SeeInvis +   a - +4 scimitar of Tenacity {speed, rF+ rC+ rN+++ Str-3}
rCold    + + .     Faith    +   S - +2 buckler
rNeg     + + +     Spirit   .   f - +0 acid dragon scales
rPois    .         Reflect  .   j - +2 hat {SInv}
rElec    .         Harm     .   D - scarf {repulsion}
rCorr    +         Rampage  .   W - +0 pair of gloves
Will     ++...                  d - +2 pair of boots
Stlth    +++.......             Q - amulet "Ygomeoru" {Faith rC+ Regen+}
HPRegen  1.24/turn              G - +4 ring of evasion
MPRegen  0.25/turn              n - ring of Waogryka {Contam *Corrode Will+ Str+3 Int+6 Dex+6}

@: engulfed (cannot breathe), repel missiles
A: no striking features
a: Renounce Religion, Channel Magic, Forget Spell, Divine Exegesis


You were on level 3 of the Shoals.
You worshipped Sif Muna.
Sif Muna was extremely pleased with you.
You visited 4 branches of the dungeon, and saw 27 of its levels.
You also visited: Sewer.

You collected 3043 gold pieces.
You spent 200 gold pieces at shops.

Inventory:

Hand Weapons
 a - the +4 scimitar of Tenacity (weapon) {speed, rF+ rC+ rN+++ Str-3}
   (You found it on level 4 of the Dungeon)

   Attacks with this weapon are significantly faster.
   It affects your strength (-3).
   It protects you from fire.
   It protects you from cold.
   It renders you almost immune to negative energy.
 b - a +6 vorpal fustibalus
Missiles
 c - 3 curare-tipped darts (quivered)
 e - 3 silver javelins
 B - 10 throwing nets
 C - 22 boomerangs
 E - 14 boomerangs of dispersal
 I - 14 javelins
 O - 121 sling bullets
 U - 21 arrows
Armour
 d - a +2 pair of boots (worn)
 f - +0 acid dragon scales (worn)
 j - a +2 hat of see invisible (worn)
 D - a scarf of repulsion (worn)
 S - a +2 buckler (worn)
 W - a +0 pair of gloves (worn)
 Z - a +1 cloak
Jewellery
 h - a ring of magical power
 m - an amulet of reflection
 n - the ring of Waogryka (right hand) {Contam *Corrode Will+ Str+3 Int+6 Dex+6}
   (You found it on level 15 of the Dungeon)

   [ring of dexterity]

   It affects your strength (+3).
   It affects your intelligence (+6).
   It affects your dexterity (+6).
   It causes magical contamination when unequipped.
   It may corrode you when you take damage.
   It increases your willpower.
 G - a +4 ring of evasion (left hand)
 M - a +4 ring of evasion
 Q - the amulet "Ygomeoru" (around neck) {Faith rC+ Regen+}
   (You found it on level 1 of the Lair of Beasts)

   [amulet of faith]

   It allows you to gain divine favour quickly.
   It protects you from cold.
   It increases your rate of health regeneration.
 V - the ring "Qedyakh" {Fly rC+}
   (You took it off an orc knight on level 15 of the Dungeon)

   [ring of flight]

   It protects you from cold.
   It grants you flight.
 Y - a +4 ring of evasion
Wands
 k - a wand of mindburst (8)
 p - a wand of charming (6)
 u - a wand of acid (5)
 A - a wand of iceblast (18)
 H - a wand of polymorph (20)
 J - a wand of flame (47)
 T - a wand of paralysis (22)
Scrolls
 i - 8 scrolls of teleportation
 l - 8 scrolls of identify
 o - 3 scrolls of vulnerability
 v - 2 scrolls of fog
 w - 2 scrolls of silence
 x - 5 scrolls of magic mapping
 y - 6 scrolls of blinking
 F - 2 scrolls of amnesia
 K - a scroll of enchant armour
 P - a scroll of holy word
 X - a scroll of torment
Potions
 g - 5 potions of haste
 q - 2 potions of heal wounds
 s - a potion of invisibility
 t - 15 potions of curing
 L - a potion of ambrosia
 N - a potion of flight
 R - a potion of cancellation
Miscellaneous
 r - a lightning rod (2/4)


   Skills:
 - Level 5.0 Fighting
 - Level 5.0 Armour
 + Level 10.1 Dodging
 - Level 7.0 Stealth
 - Level 7.0 Shields
 - Level 14.0 Spellcasting
 - Level 9.0 Conjurations
 - Level 9.0 Hexes
 - Level 7.0 Summonings
 + Level 11.3 Necromancy
 - Level 7.0 Translocations
 - Level 5.0 Transmutations
 - Level 5.0 Fire Magic
 - Level 5.0 Air Magic
 - Level 9.0 Earth Magic
 - Level 9.0 Poison Magic
 - Level 12.0 Invocations
 - Level 7.0 Evocations


You had 4 spell levels left.
You knew the following spells:

 Your Spells              Type           Power      Damage    Failure   Level
a - Stone Arrow           Conj/Erth      100%       3d13      1%          3
b - Searing Ray           Conj           100%       3d7       1%          2
c - Iskenderun's Mystic   Conj/Tloc      67%        2d14      1%          4
d - Fulminant Prism       Conj/Hex       35%        3d18      1%          4
e - Orb of Destruction    Conj           35%        9d13      54%         7
i - Ignite Poison         Fire/Tmut/Pois 61%        N/A       1%          3
k - Blink                 Tloc           N/A        N/A       1%          2
l - Summon Lightning Spi  Summ/Air       59%        N/A       2%          4
o - Olgreb's Toxic Radia  Pois           71%        N/A       1%          4
r - Corona                Hex            78%        N/A       1%          1
v - Borgnjor's Vile Clut  Necr/Erth      37%        N/A       1%          5

Your spell library contained the following spells:

 Spells                   Type           Power      Damage    Failure   Level
 Animate Skeleton         Necr           100%       N/A       1%          1
 Apportation              Tloc           100%       N/A       1%          1
 Beastly Appendage        Tmut           100%       N/A       1%          1
 Magic Dart               Conj           100%       1d8       1%          1
 Pain                     Necr           100%       1d9       1%          1
 Sting                    Tmut/Pois      100%       1d8       1%          1
 Summon Small Mammal      Summ           100%       N/A       1%          1
 Call Imp                 Summ           63%        N/A       1%          2
 Corpse Rot               Necr/Air       N/A        N/A       1%          2
 Ensorcelled Hibernation  Hex/Ice        100%       N/A       1%          2
 Passwall                 Tmut/Erth      52%        N/A       1%          2
 Poisonous Vapours        Pois/Air       100%       N/A       1%          2
 Slow                     Hex            71%        N/A       1%          2
 Static Discharge         Conj/Air       63%        N/A       1%          2
 Sublimation of Blood     Necr           39%        N/A       1%          2
 Call Canine Familiar     Summ           63%        N/A       1%          3
 Confusing Touch          Hex            71%        N/A       1%          3
 Conjure Flame            Conj/Fire      63%        6-21      1%          3
 Dazzling Flash           Conj/Hex       100%       N/A       1%          3
 Gell's Gravitas          Tloc           31%        N/A       1%          3
 Inner Flame              Hex/Fire       63%        N/A       1%          3
 Lesser Beckoning         Tloc           31%        N/A       1%          3
 Mephitic Cloud           Conj/Pois/Air  66%        N/A       1%          3
 Portal Projectile        Hex/Tloc       100%       N/A       1%          3
 Spider Form              Tmut/Pois      31%        N/A       1%          3
 Summon Guardian Golem    Hex/Summ       67%        N/A       1%          3
 Teleport Other           Tloc           63%        N/A       1%          3
 Tukima's Dance           Hex            71%        N/A       1%          3
 Animate Armour           Summ/Erth      100%       N/A       1%          4
 Cause Fear               Hex            35%        N/A       1%          4
 Dispel Undead            Necr           79%        3d26      1%          4
 Leda's Liquefaction      Hex/Erth       35%        N/A       1%          4
 Petrify                  Tmut/Erth      63%        N/A       1%          4
 Summon Ice Beast         Ice/Summ       47%        N/A       7%          4
 Bolt of Magma            Conj/Fire/Erth 33%        4d15      3%          5
 Summon Mana Viper        Hex/Summ       67%        N/A       3%          5
 Alistair's Intoxication  Tmut/Pois      42%        N/A       4%          5
 Irradiate                Conj/Tmut      31%        3d23      4%          5
 Lightning Bolt           Conj/Air       31%        1d48      4%          5
 Manifold Assault         Tloc           63%        N/A       4%          5
 Silence                  Hex/Air        31%        N/A       4%          5
 Summon Forest            Summ/Tloc      31%        N/A       4%          5
 Yara's Violent Unravell  Hex/Tmut       31%        3d13      4%          5
 Invisibility             Hex            35%        N/A       12%         6
 Freezing Cloud           Conj/Ice/Air   26%        6-21      13%         5
 Metabolic Englaciation   Hex/Ice        26%        N/A       13%         5
 Conjure Ball Lightning   Conj/Air       31%        3x3d10    26%         6
 Eringya's Noxious Bog    Tmut/Pois      31%        N/A       26%         6
 Statue Form              Tmut/Erth      42%        N/A       26%         6
 Spellforged Servitor     Conj/Summ      33%        N/A       67%         7
 Malign Gateway           Summ/Tloc      31%        N/A       82%         7
 Monstrous Menagerie      Summ           31%        N/A       82%         7
 Infestation              Necr           39%        N/A       88%         8
 Discord                  Hex            35%        N/A       99%         8
 Chain Lightning          Conj/Air       31%        3d42      100%        9


Dungeon Overview and Level Annotations

Branches:
Dungeon (15/15)            Temple (0/1) D:6            Lair (6/6) D:9
 Shoals (4/4) Lair:2        Snake (0/4) Lair:3        Slime (0/5) Lair:5
    Orc (2/2) D:11            Elf (0/3) Orc:2        Vaults (0/5) D:13
 Depths (0/5) D:15          Sewer (visited)

Altars:
Ashenzari
Dithmenos
Elyvilon
Fedhas
Gozag
Hepliaklqana
Kikubaaqudgha
Nemelex Xobeh
Okawaru
Sif Muna
Vehumet
Wu Jian
Xom
The Shining One
Beogh
Jiyva

Shops:
Orc:2 ([?*

Portals:
Trove: D:12 (give 7 potions of haste)

Annotations:
D:8 exclusions: ice statue and obsidian statue
D:14 exclusion: downstairs


Message History

The harpy claws you but does no damage. The harpy barely misses you.
The water elemental closely misses you.
You feel much better.
* * * LOW HITPOINT WARNING * * *
Your lungs strain for air!
The harpy claws you!
* * * LOW HITPOINT WARNING * * *
You block the harpy's attack. The water elemental hits you.
The water elemental closely misses you. x2; The water elemental hits you.
* * * LOW HITPOINT WARNING * * *
You feel much better.
* * * LOW HITPOINT WARNING * * *
Your lungs strain for air!
You block the harpy's attack. The harpy completely misses you.
The water elemental misses you. You block the water elemental's attack.
The water elemental completely misses you.
The water elemental hits you!
* * * LOW HITPOINT WARNING * * *
Okay, then.
Okay, then.
You cannot call out to Sif Muna while unable to breathe.
You cannot read scrolls while unable to breathe!
You are too injured to fight recklessly!
Aiming: Charm
Press: ? - help, Shift-Dir - straight line, f - harpy, p - water elemental
Aim: a harpy (lightly wounded, chance to affect: 67%)
Okay, then.
Aiming: Thunderbolt
Press: ? - help, Shift-Dir - straight line, f/p - water elemental
Aim: a water elemental (almost destroyed)
The thunderbolt hits the water elemental.
The water elemental resists.
You destroy the water elemental!
Sif Muna accepts your kill.
The thunderbolt hits the harpy!
The harpy is moderately wounded.
* * * LOW HITPOINT WARNING * * *
Your lungs strain for air!
The harpy claws you!
You die...

≈≈≈≈≈≈≈≈.####.## ##.≈≈.)###....≈
≈≈≈≈≈≈≈≈≈..#...# #..≈.).......≈
≈≈≈≈≈≈≈≈≈≈≈≈≈≈.## #..≈≈..)...≈..
≈≈≈≈≈≈≈≈...≈≈≈≈.# ##...≈≈≈≈≈≈...
≈≈≈≈≈≈≈...#.≈≈≈.## ##..≈≈≈≈≈..≈≈
≈≈≈≈≈≈..###.≈≈≈..## #.≈≈≈≈≈≈....
≈≈≈≈≈≈≈.###.≈≈≈≈..###.≈≈≈≈....##
≈≈≈≈≈≈≈..#....EEH.....≈≈≈≈≈..###
≈≈≈≈≈≈≈≈.....HE@.H≈≈≈≈≈.......##
≈≈≈≈≈≈≈≈≈.#######.≈≈≈≈≈.≈≈.....#
≈≈≈≈≈≈≈≈≈.# ### #.≈≈≈≈≈...######
≈≈≈≈≈≈≈≈≈.###.###.≈≈≈≈≈...)###.#
≈≈≈≈≈≈≈≈≈..#.[....≈≈≈≈≈≈........
≈≈≈≈≈≈≈≈≈≈≈.≈≈...≈≈≈≈≈≈≈≈.......
≈≈≈≈≈≈≈≈≈≈≈≈≈≈≈≈≈≈≈≈≈≈≈≈≈....≈≈.
≈≈≈≈≈≈≈≈≈≈≈≈≈≈≈≈≈≈≈≈≈.........)
≈≈≈≈≈≈≈≈≈≈≈≈≈≈≈≈≈≈≈≈..........


You could see 3 water elementals and 3 harpies.

Vanquished Creatures
  Nikola (Shoals:3)
  Gastronok (Lair:2)
  Frances (Shoals:1)
  Ilsuiw (Shoals:4)
  Roxanne (D:14)
  A frost giant (D:15)
  An orc warlord (Orc:1)
  A stone giant (D:15)
  2 merfolk javelineers
  An ettin (D:15)
  3 merfolk impalers
  Fannar (D:9)
  A rakshasa (D:15)
  Josephine (Lair:6)
  2 hydras
  Harold (D:10)
  A boulder beetle (D:15)
  3 vault guards (D:15)
  2 dancing weapons (D:13)
  10 centaur warriors
  3 death yaks (Lair:6)
  2 merfolk avatars
  3 two-headed ogres
  A satyr (shapeshifter) (D:15)
  2 tengu warriors (D:14)
  3 merfolk aquamancers
  Urug (Lair:1)
  Sonja (D:13)
  6 orc high priests
  A skeletal warrior (D:15)
  A glowing orange brain (D:15)
  12 sea snakes
  3 orc knights
  3 deep elf pyromancers
  6 harpies
  A harpy (shapeshifter) (D:14)
  7 ugly things
  4 orc sorcerers
  A mana viper (shapeshifter) (D:15)
  13 manticores
  A deep elf zephyrmancer (D:15)
  9 fauns
  3 centaur zombies (D:11)
  An orb spider (shapeshifter) (D:13)
  11 cyclopes
  8 merfolk sirens
  4 black mambas (Lair:6)
  4 water nymphs
  2 guardian serpents (D:15)
  9 elephants
  2 molten gargoyles (Lair:6)
  A gargoyle (D:10)
  5 cane toads
  3 unseen horrors
  Psyche (D:12)
  3 kobold demonologists
  16 komodo dragons
  2 rime drakes
  An efreet (D:15)
  2 polar bears
  A tengu conjurer (D:15)
  7 trolls
  2 meliai (D:15)
  A queen bee (shapeshifter) (D:15)
  21 merfolk
  4 wind drakes
  4 slime creatures
  8 blink frogs
  6 snapping turtles
  7 dream sheep
  4 wyverns (Lair:6)
  A vampire (D:10)
  37 yaks
  17 water elementals
  2 wraiths
  5 basilisks
  Eustachio (D:4)
  Grum (D:10)
  4 steam dragons
  14 vampire mosquitoes
  2 wargs (Orc:1)
  An acid dragon (D:13)
  16 water moccasins
  2 floating eyes (D:15)
  A meliai simulacrum (D:15)
  2 hell hounds (Lair:6)
  33 orc warriors
  3 black bears
  2 sky beasts (D:7)
  An ice beast (D:5)
  4 ogres
  6 boggarts
  11 wolves
  2 necrophages
  20 centaurs
  6 kobold brigands
  A water moccasin zombie (D:6)
  7 bullfrogs
  A gnoll sergeant (D:8)
  A scorpion (D:5)
  An electric eel (Lair:2)
  8 wights (D:8)
  3 howler monkeys
  2 vampire bats (D:8)
  5 lava snakes (Lair:6)
  A centaur skeleton (D:7)
  8 hounds
  42 orc priests
  3 gnoll shamans
  A bullfrog skeleton (D:5)
  4 iguanas
  Terence (D:3)
  34 orc wizards
  A scorpion zombie (D:5)
  A killer bee zombie (D:5)
  2 human simulacra
  A hound skeleton (D:2)
  2 howler monkey zombies
  A howler monkey skeleton (D:7)
  2 adders (D:6)
  25 gnolls
  2 river rats (D:4)
  An ufetubus (D:7)
  2 worms (D:2)
  101 orcs
  A bat skeleton (D:8)
  4 bat zombies (D:8)
  7 endoplasms
  3 giant cockroaches
  6 goblins
  8 hobgoblins
  10 jackals
  A quokka (D:4)
  5 ball pythons
  2 bats
  3 frilled lizards
  58 kobolds
  8 rats
837 creatures vanquished.

Vanquished Creatures (collateral kills)
  Snorg (D:13)
  A fire dragon (Lair:6)
  A vault guard (D:15)
  2 hydras
  A boulder beetle (D:15)
  A centaur warrior (D:15)
  A death knight (D:15)
  A death yak (Lair:6)
  A skeletal warrior (D:15)
  A lindwurm (Lair:6)
  A harpy (Shoals:3)
  7 ugly things
  A deep elf zephyrmancer (D:15)
  3 cyclopes (D:15)
  An elephant (Lair:6)
  2 black mambas
  Maggie (D:10)
  2 komodo dragons
  An efreet (D:15)
  3 slime creatures (D:13)
  A blink frog (Lair:3)
  A wyvern (Lair:6)
  2 wraiths (Lair:6)
  2 yaks (Lair:3)
  A steam dragon (Lair:6)
  3 basilisks
  An acid dragon (D:12)
  A hell hound (Lair:6)
  An orc wizard (D:12)
46 creatures vanquished.

Vanquished Creatures (others)
  A basilisk (D:11)
  2 howler monkeys (D:11)
  52 fulminant prisms
  46 fungi
  71 plants
172 creatures vanquished.

Grand Total: 1055 creatures vanquished

Notes
Turn   | Place    | Note
-------+----------+-------------------------------------------
     0 | D:1      | porpoise the Deep Elf Conjurer began the quest for the Orb.
     0 | D:1      | Reached XP level 1. HP: 10/10 MP: 6/6
   550 | D:1      | Reached XP level 2. HP: 15/15 MP: 5/8
   556 | D:1      | Learned a level 2 spell: Searing Ray
   681 | D:1      | Found a faded altar of an unknown god.
  1215 | D:2      | Found a shimmering blue altar of Sif Muna.
  1242 | D:2      | Became a worshipper of Sif Muna the Loreminder
  1318 | D:2      | Reached skill level 4 in Spellcasting
  1369 | D:2      | Reached skill level 5 in Conjurations
  1371 | D:2      | Reached XP level 3. HP: 19/19 MP: 6/10
  1902 | D:3      | Reached XP level 4. HP: 24/24 MP: 7/12
  2141 | D:3      | Reached skill level 5 in Spellcasting
  2168 | D:3      | Learned a level 4 spell: Iskenderun's Mystic Blast
  2173 | D:3      | Learned a level 4 spell: Fulminant Prism
  2305 | D:3      | Noticed Terence
  2371 | D:3      | Killed Terence
  2372 | D:3      | Reached skill level 1 in Fighting
  2372 | D:3      | Reached XP level 5. HP: 29/29 MP: 8/14
  2624 | D:3      | Identified the Almanac of Dark Summoning
  2793 | D:4      | Reached * piety under Sif Muna
  2949 | D:4      | Found a glowing drain.
  2953 | Sewer    | Entered a sewer
  3053 | Sewer    | Noticed a water moccasin
  3060 | Sewer    | Killed a water moccasin
  3061 | Sewer    | Reached XP level 6. HP: 32/36 MP: 9/15
  3243 | D:4      | Noticed Eustachio
  3252 | D:4      | Killed Eustachio
  3253 | D:4      | Reached skill level 1 in Translocations
  3255 | D:4      | Reached XP level 7. HP: 35/41 MP: 1/16
  3416 | D:4      | Reached skill level 1 in Invocations
  3769 | D:4      | Identified the +4 scimitar of Tenacity {speed, rF+ rC+
                  | rN+++ Str-3}
  4290 | D:5      | Entered Level 5 of the Dungeon
  4619 | D:5      | Reached skill level 5 in Dodging
  4619 | D:5      | Reached XP level 8. HP: 46/46 MP: 9/17
  4938 | D:5      | Reached ** piety under Sif Muna
  5344 | D:5      | Reached skill level 5 in Translocations
  5480 | D:5      | Reached skill level 1 in Hexes
  5728 | D:5      | Reached *** piety under Sif Muna
  6090 | D:5      | Found an opulent altar of Gozag.
  6220 | D:5      | Learned a level 4 spell: Summon Lightning Spire
  6422 | D:6      | Reached skill level 1 in Evocations
  6922 | D:6      | Reached XP level 9. HP: 41/50 MP: 10/18
  7282 | D:6      | Found a staircase to the Ecumenical Temple.
  7306 | D:6      | Reached skill level 5 in Hexes
  7594 | D:7      | Reached **** piety under Sif Muna
  7744 | D:7      | Identified the +5 robe "Udame" {Slay+2 Stlth+}
  7831 | D:7      | Reached skill level 6 in Spellcasting
  8290 | D:7      | Reached skill level 5 in Invocations
  8677 | D:8      | Reached skill level 7 in Spellcasting
  8677 | D:8      | Reached skill level 5 in Evocations
  8911 | D:8      | Reached skill level 8 in Spellcasting
  9058 | D:8      | Noticed an obsidian statue
  9097 | D:8      | Found a radiant altar of Vehumet.
  9346 | D:8      | Noticed an ice statue
  9357 | D:8      | Noticed a two-headed ogre
  9367 | D:8      | Killed a two-headed ogre
  9368 | D:8      | Reached skill level 9 in Spellcasting
  9368 | D:8      | Reached XP level 10. HP: 58/58 MP: 17/25
  9683 | D:8      | Found an ancient bone altar of Kikubaaqudgha.
  9685 | D:8      | Reached skill level 1 in Summonings
  9691 | D:8      | Reached skill level 1 in Air Magic
 10171 | D:9      | Reached skill level 5 in Fighting
 10176 | D:9      | Reached ***** piety under Sif Muna
 10437 | D:9      | Found a staircase to the Lair.
 10616 | D:9      | Found a blossoming altar of Fedhas.
 10648 | D:9      | Found a broken altar of Ashenzari.
 10708 | D:9      | Found a white marble altar of Elyvilon.
 10821 | D:9      | Learned a level 4 spell: Olgreb's Toxic Radiance
 10825 | D:9      | Learned a level 3 spell: Ignite Poison
 10854 | D:10     | Entered Level 10 of the Dungeon
 10869 | D:10     | Noticed Grum
 10871 | D:10     | Identified Sif Muna's Almanac of Feathery Dark Rites (Sif
                  | Muna gifted it to you on level 10 of the Dungeon)
 10871 | D:10     | Received a gift from Sif Muna
 10876 | D:10     | Killed Grum
 10910 | D:10     | Noticed a two-headed ogre
 10925 | D:10     | Killed a two-headed ogre
 10926 | D:10     | Reached skill level 5 in Summonings
 11207 | D:10     | Reached skill level 1 in Poison Magic
 11376 | D:10     | Reached skill level 5 in Air Magic
 11376 | D:10     | Reached XP level 11. HP: 63/63 MP: 23/26
 11408 | D:10     | Noticed Harold
 11414 | D:10     | Noticed Maggie
 11427 | D:10     | Reached skill level 1 in Fire Magic
 11435 | D:10     | Noticed Fannar
 11440 | D:10     | Found an ornate altar of the Wu Jian Council.
 12279 | D:9      | Killed Fannar
 12461 | D:9      | Reached skill level 1 in Transmutations
 12604 | D:10     | Reached skill level 5 in Poison Magic
 12779 | D:10     | Killed Maggie
 12782 | D:10     | Killed Harold
 12988 | D:10     | Learned a level 5 spell: Borgnjor's Vile Clutch
 12990 | D:10     | Learned a level 1 spell: Corona
 13321 | D:10     | Found a hazy altar of Hepliaklqana.
 13321 | D:10     | Found an iron altar of Okawaru.
 13322 | D:10     | Found a shadowy altar of Dithmenos.
 13463 | D:10     | Reached skill level 1 in Earth Magic
 13797 | D:11     | Noticed a two-headed ogre
 13807 | D:11     | Killed a two-headed ogre
 14166 | D:11     | Reached skill level 1 in Necromancy
 14248 | D:11     | Found a staircase to the Orcish Mines.
 14850 | D:12     | Reached skill level 5 in Earth Magic
 15104 | D:12     | Noticed a brown ugly thing
 15114 | D:12     | Killed a brown ugly thing
 15304 | D:12     | Reached XP level 12. HP: 68/68 MP: 19/27
 15449 | D:12     | Reached skill level 5 in Necromancy
 15801 | D:12     | Noticed Psyche
 15808 | D:12     | Reached skill level 5 in Fire Magic
 15815 | D:12     | Killed Psyche
 16268 | D:12     | Found a portal to a secret trove of treasure.
 16452 | Lair:1   | Entered Level 1 of the Lair of Beasts
 16481 | Lair:1   | Received a gift from Sif Muna
 16754 | Lair:1   | Identified the amulet "Ygomeoru" {Faith rC+ Regen+}
 16976 | Lair:1   | Noticed Urug
 16986 | Lair:1   | Killed Urug
 16987 | Lair:1   | Reached skill level 1 in Shields
 16987 | Lair:1   | Reached skill level 5 in Transmutations
 17178 | Lair:1   | You fall into a shaft and drop 1 floor!
 18615 | Lair:2   | Noticed Gastronok
 18644 | Lair:2   | Killed Gastronok
 18661 | Lair:2   | Found a staircase to the Shoals.
 20158 | Lair:3   | Reached XP level 13. HP: 57/72 MP: 13/28
 20324 | Lair:3   | Reached skill level 5 in Stealth
 20666 | Lair:3   | Found a staircase to the Snake Pit.
 21820 | Lair:4   | Found the +6 lightning scales {swift rElec}
 22091 | Lair:5   | Reached skill level 10 in Spellcasting
 23223 | Lair:5   | Found a viscous altar of Jiyva.
 23223 | Lair:5   | Found a staircase to the Slime Pits.
 23693 | D:13     | Noticed Sonja
 23700 | D:13     | Killed Sonja
 23761 | D:13     | Received a gift from Sif Muna
 24077 | D:13     | Noticed Snorg
 24086 | D:13     | Killed Snorg
 24087 | D:13     | Reached skill level 11 in Spellcasting
 25568 | D:13     | Found a gate to the Vaults.
 25787 | D:14     | Identified Roxanne's Reference Book on Moulding
 25787 | D:14     | Noticed Roxanne
 25811 | D:14     | Reached skill level 12 in Spellcasting
 27348 | D:14     | Found a sparkling altar of Nemelex Xobeh.
 28111 | D:14     | Reached XP level 14. HP: 39/78 MP: 21/32
 28626 | D:14     | Killed Roxanne
 29084 | D:15     | Entered Level 15 of the Dungeon
 29266 | D:15     | Noticed a frost giant
 29362 | D:15     | Killed a frost giant
 29578 | D:15     | Found a staircase to the Depths.
 29674 | D:15     | Found a transporter.
 29676 | D:15     | Identified the ring of Nobility {rN+ Str+6}
 30042 | D:15     | Identified the ring of Waogryka {Contam *Corrode Will+
                  | Str+3 Int+6 Dex+6}
 30323 | D:15     | Found a transporter.
 30323 | D:15     | Noticed a stone giant
 30330 | D:15     | Killed a stone giant
 30503 | D:15     | Found a glowing golden altar of the Shining One.
 30577 | D:15     | Reached skill level 5 in Shields
 30974 | D:15     | Identified the ring "Qedyakh" {Fly rC+}
 32002 | D:15     | Found a shimmering altar of Xom.
 32068 | D:15     | Identified Sif Muna's Papyrus of Earthen Hexes (Sif Muna
                  | gifted it to you on level 15 of the Dungeon)
 32068 | D:15     | Received a gift from Sif Muna
 32581 | D:15     | Found a shimmering blue altar of Sif Muna.
 32973 | D:15     | Identified the +2 robe "Zakefi" {Rampage rN++ Stlth-}
 33098 | D:15     | Reached skill level 10 in Invocations
 33177 | D:15     | Identified the ring "Temivaed" {Will+ Int+2}
 33756 | Lair:1   | Learned a level 3 spell: Stone Arrow
 33911 | Lair:6   | Entered Level 6 of the Lair of Beasts
 33923 | Lair:6   | Reached XP level 15. HP: 82/82 MP: 20/33
 34039 | Lair:6   | Identified the +4 dagger of Inconvenience {flame, Will+}
 35154 | Lair:6   | Noticed Josephine
 35165 | Lair:6   | Killed Josephine
 36959 | Lair:6   | Found a large runed translucent door.
 36959 | Lair:6   | Found a large runed translucent door.
 37729 | Lair:1   | Upgraded the game from 0.27-a0-1281-ge233d83751 to
                  | 0.27-a0-1287-gca74d27db6
 37801 | Orc:1    | Entered Level 1 of the Orcish Mines
 37991 | Orc:1    | Noticed an orc warlord
 37999 | Orc:1    | Killed an orc warlord
 38049 | Orc:1    | Identified Seizoeg's Volume of Excruciating Poisoning (Sif
                  | Muna gifted it to you on level 1 of the Orcish Mines)
 38049 | Orc:1    | Received a gift from Sif Muna
 38887 | Orc:2    | Entered Level 2 of the Orcish Mines
 39537 | Orc:2    | Identified Sif Muna's Tome of the Birds and Changing (Sif
                  | Muna gifted it to you on level 2 of the Orcish Mines)
 39537 | Orc:2    | Received a gift from Sif Muna
 39683 | Orc:2    | Found a staircase to the Elven Halls.
 40952 | Orc:2    | Found Engem's Weapon Shop.
 40952 | Orc:2    | Found Tosuxt's Armour Shop.
 40953 | Orc:2    | Found Fohuphygg's Assorted Antiques.
 40958 | Orc:2    | Found Exohudust's Magic Scroll Boutique.
 40965 | Orc:2    | Bought an embroidered scarf for 200 gold pieces
 41377 | Shoals:1 | Entered Level 1 of the Shoals
 41930 | Shoals:1 | Reached skill level 1 in Armour
 42454 | Shoals:1 | Noticed Frances
 42462 | Shoals:1 | Killed Frances
 42926 | Shoals:1 | Reached skill level 13 in Spellcasting
 43072 | Shoals:2 | Reached XP level 16. HP: 87/87 MP: 18/35
 43236 | Shoals:2 | Identified Sif Muna's Reference Book on Calling and
                  | Execration (Sif Muna gifted it to you on level 2 of the
                  | Shoals)
 43236 | Shoals:2 | Received a gift from Sif Muna
 43246 | Shoals:2 | Learned a level 7 spell: Orb of Destruction
 44458 | Shoals:2 | Reached skill level 14 in Spellcasting
 44717 | Shoals:2 | Learned a level 2 spell: Blink
 45109 | Shoals:2 | Reached skill level 5 in Armour
 46461 | Shoals:3 | Reached skill level 10 in Necromancy
 46617 | Shoals:3 | Noticed Nikola
 46627 | Shoals:3 | Killed Nikola
 46915 | Shoals:3 | Identified Ynec's Handbook of Unholy Slavery (Sif Muna
                  | gifted it to you on level 3 of the Shoals)
 46915 | Shoals:3 | Received a gift from Sif Muna
 47794 | Shoals:4 | Entered Level 4 of the Shoals
 47854 | Shoals:4 | Noticed Ilsuiw
 47863 | Shoals:4 | Killed Ilsuiw
 47864 | Shoals:4 | Reached skill level 10 in Dodging
 48208 | Shoals:3 | HP: 4/87 [water elemental (7)]
 48211 | Shoals:3 | Mangled by a harpy

Illustrated notes

Levels and vault maps discovered:
D:1:      onia_arrival_pyramid, layout_basic, basic_ecumenical_altar,
          chequers_jeans
D:2:      layout_loops_ring, basic_altar, hangedman_decor_opposing
D:3:      layout_basic, uniq_terence
D:4:      layout_cave_pods, gup_sewer_entry_bowl, uniq_eustachio
D:5:      minmay_goblin_kobold_castle, layout_loops_ring, kennysheep_mini,
          minmay_misc_feat_pillars
D:6:      layout_basic, temple_pool_b
D:7:      layout_basic, hex_tiny, supply_closet_lemuel, eino_tiny_chamber
D:8:      minmay_separated_statues, layout_cave_pools,
          kennysheep_vampire_church, vehumet_altar_wand_db,
          minmay_misc_feat_ornament, minmay_strange_pillars
D:9:      layout_cave_pools, nicolae_overflow_crystal_walls,
          evilmike_ruin_ashenzari, general_overflow_altar, dpeg_oklobed_lair,
          minmay_misc_feat_columns
D:10:     layout_cave_pools, nicolae_wu_jian_wuxing_cycle,
          gammafunk_temple_overflow_claw, special_room [special_room_orc],
          eino_tiny_chamber, uniq_harold, uniq_maggie, uniq_fannar, uniq_grum
D:11:     layout_basic, david_orc_3, bh_circular_ruins
D:12:     layout_loops_ring, nicolae_trove_entry_diagonal, uniq_psyche
D:13:     kennysheep_big_flooded_room, layout_loops_ring, erik_vaults_1,
          uniq_sonja, uniq_snorg
D:14:     layout_irregular_city, nemelex_lonely_heart_becter, uniq_roxanne
D:15:     hangedman_spin_cycle, serial_shops
Lair:1:   layout_long_grid, uniq_urug
Lair:2:   layout_roguey, elwin_shoals_entry_rocks, gauntlet_entry_generic,
          serial_bayou_pond_a, uniq_gastronok
Lair:3:   layout_regular_city, dummy_snake_entry
Lair:4:   layout_regular_city
Lair:5:   layout_small_grid, dpeg_slime_entry_enclosed_altar, serial_forest,
          infiniplex_forest_straight_3, infiniplex_forest_zigzag_1,
          infiniplex_forest_clump_small, infiniplex_forest_split,
          infiniplex_forest_end_1, infiniplex_forest_straight_3
Lair:6:   cheibrodos_lair_end_hotspot, layout_regular_city,
          kilobyte_rumbling_trees, uniq_josephine
Shoals:1: layout_shoals, uniq_frances
Shoals:2: layout_shoals, nicolae_shoals_wave_tunnel
Shoals:3: layout_shoals, uniq_nikola
Shoals:4: shoals_end_simple, layout_shoals, shoals_ilsuiw_alternative,
          ebering_ghost_disaster_area, nicolae_shoals_elemental_ambush
Orc:1:    layout_diamond_mine, nicolae_orc_sculptors_studio
Orc:2:    st_orc_mages, layout_caves

Skill      XL: |  1  2  3  4  5  6  7  8  9 10 11 12 13 14 15 16 |
---------------+-------------------------------------------------+-----
Spellcasting   | 4 5 9 12 13 14 | 14.0
Conjurations   | 5 6 7 9 |  9.0
Fighting       | 1 2 3 4 5 |  5.0
Translocations | 1 4 5 7 |  7.0
Dodging        | 3 5 7 9 10 | 10.1
Invocations    | 2 4 6 7 10 12 | 12.0
Hexes          | 4 5 6 7 9 |  9.0
Evocations     | 2 5 7 |  7.0
Summonings     | 5 7 |  7.0
Air Magic      | 5 |  5.0
Poison Magic   | 1 7 9 |  9.0
Fire Magic     | 3 5 |  5.0
Transmutations | 3 5 |  5.0
Earth Magic    | 5 7 9 |  9.0
Necromancy     | 4 5 9 11 | 11.3
Shields        | 4 7 |  7.0
Stealth        | 4 5 7 |  7.0
Armour         | 2 5 |  5.0

Action                   |  1- 3 |  4- 6 |  7- 9 | 10-12 | 13-15 | 16-18 || total
-------------------------+-------+-------+-------+-------+-------+-------++-------
Melee: Scimitar          |       |       |       |    13 |    44 |     9 ||    66
       Shortbow          |       |       |       |     2 |       |       ||     2
 Fire: Shortbow          |       |       |    65 |   174 |    50 |       ||   289
       Fustibalus        |       |       |       |       |   200 |    23 ||   223
Throw: Stone             |     3 |     1 |       |       |       |       ||     4
       Dart              |       |     4 |    57 |     1 |     4 |       ||    66
       Boomerang         |       |       |     8 |       |       |       ||     8
       Throwing net      |       |       |       |     5 |       |       ||     5
 Cast: Magic Dart        |    62 |    26 |    38 |     5 |       |       ||   131
       Searing Ray       |     4 |    19 |    90 |   143 |   186 |     4 ||   446
       Iskenderun's Myst |       |       |     1 |    26 |    79 |    15 ||   121
       Summon Lightning  |       |       |       |    22 |    68 |     3 ||    93
       Corona            |       |       |       |     8 |       |       ||     8
       Fulminant Prism   |       |       |       |     9 |    43 |     1 ||    53
       Ignite Poison     |       |       |       |     4 |   139 |   114 ||   257
       Olgreb's Toxic Ra |       |       |       |     2 |    90 |    63 ||   155
       Borgnjor's Vile C |       |       |       |       |     3 |     3 ||     6
       Stone Arrow       |       |       |       |       |    40 |    25 ||    65
Invok: Channel Magic     |       |       |       |       |     1 |       ||     1
Evoke: Wand              |       |       |       |    17 |     3 |     7 ||    27
       Lightning rod     |       |       |       |       |       |     2 ||     2
  Use: Scroll            |       |     4 |     9 |    15 |    16 |       ||    44
       Potion            |       |       |       |     2 |     4 |     8 ||    14
 Stab: Distracted        |       |       |       |     1 |     1 |       ||     2
       Paralysed         |       |       |       |       |     5 |       ||     5
Armor: Robe              |     1 |     3 |     2 |    69 |    61 |       ||   136
       Acid dragon scale |       |       |       |       |    33 |    27 ||    60
       Skin              |       |       |       |       |       |     5 ||     5
Dodge: Dodged            |     1 |    12 |    56 |   257 |   315 |   122 ||   763
       Repelled          |       |       |       |       |       |     5 ||     5
Block: Buckler           |       |       |       |       |    89 |    62 ||   151
       Rpst.: Scimitar   |       |       |     5 |     6 |    22 |    17 ||    50

Table legend: (Time is in decaauts)
 A = Elapsed time spent in this place.
 B = Non-inter-level travel time spent in this place.
 C = Inter-level travel time spent in this place.
 D = Time resting spent in this place.
 E = Time spent auto-exploring this place.
 F = Levels seen in this place.
 G = Mean time per level.
                   A        B        C        D        E       F      G
               +--------+--------+--------+--------+--------+-----+--------+
         Total |  48680 |  46566 |   2114 |  24552 |  15032 |  28 | 1738.6 |
       Dungeon |  26536 |  25366 |   1170 |  13377 |   8331 |  15 | 1769.1 |
          Lair |  11622 |  10903 |    719 |   4813 |   4464 |   6 | 1937.0 |
        Shoals |   7083 |   6961 |    122 |   4575 |   1656 |   4 | 1770.8 |
  Orcish Mines |   3199 |   3097 |    102 |   1709 |    581 |   2 | 1599.5 |
         Sewer |    238 |    238 |      0 |     77 |      0 |   1 |  238.0 |
               +--------+--------+--------+--------+--------+-----+--------+

Top non-repeatable levels by time:
    D:15: 4325 daAuts
  Lair:6: 3457 daAuts
    D:13: 2908 daAuts
Shoals:2: 2638 daAuts
Shoals:3: 2426 daAuts
    D:14: 2354 daAuts
  Lair:1: 2352 daAuts
    D:10: 2214 daAuts
  Lair:3: 2095 daAuts
     D:5: 1969 daAuts
   Orc:2: 1969 daAuts
     D:9: 1898 daAuts
Shoals:1: 1785 daAuts
    D:12: 1708 daAuts
  Lair:5: 1651 daAuts
